 Dungeon Crawl Stone Soup version 0.29-a0-451-gfbfa42419e (console) character file.

Game seed: 6593684883655880204

11034 om the Severer (level 11, -15/85 HPs)
             Began as a Minotaur Berserker on May 19, 2022.
             Was an Elder of Trog.
             Demolished by a two-headed ogre
             ... wielding a +0 giant club
              (35 damage)
             ... on level 9 of the Dungeon.
             The game lasted 00:17:11 (8135 turns).

om the Severer (Minotaur Berserker)                 Turns: 8135, Time: 00:17:12

Health: -15/85     AC:  7    Str: 27 (29) XL:     11   Next: 44%
Magic:  10/10      EV: 14    Int:  4      God:    Trog [****..]
Gold:   533        SH:  0    Dex: 13      Spells: 10/10 levels left

rFire   + . .      SeeInvis .   q - +2 hand axe (drain)
rCold   + . .      Faith    .   i - orb {light}
rNeg    . . .      Spirit   .   j - +0 ring mail
rPois   .          Reflect  .   (helmet restricted)
rElec   .          Harm     .   k - scarf {rC+ rF+}
rCorr   .          Rampage  .   (no gloves)
Will    .....                   (no boots)
Stlth   +.........              c - amulet of regeneration
HPRegen 1.04/turn               y - +6 ring of strength
MPRegen 0.12/turn               G - +4 ring of slaying

@: marked, on berserk cooldown, slowed, glowing, unable to read, very slow
A: horns 2, retaliatory headbutt, deterioration 1, frail 1, inability to read
while threatened
a: Renounce Religion, Berserk, Trog's Hand, Brothers in Arms


You were on level 9 of the Dungeon.
You worshipped Trog.
Trog was greatly pleased with you.
You visited 1 branch of the dungeon, and saw 9 of its levels.

You collected 533 gold pieces.

Inventory:

Hand Weapons
 a - a +0 hand axe
 q - a +2 hand axe of draining (weapon)
Missiles
 r - a throwing net (quivered)
Armour
 i - an orb of light (worn)
 j - a +0 ring mail (worn)
 k - a scarf of resistance (worn)
 t - a scarf of shadows
 D - a +0 buckler
Jewellery
 c - an amulet of regeneration (around neck)
 y - a +6 ring of strength (left hand)
 F - an amulet of the acrobat
 G - a +4 ring of slaying (right hand)
 H - a +4 ring of evasion
Wands
 m - a wand of polymorph (11)
 n - a wand of paralysis (5)
 s - a wand of flame (16)
 C - a wand of acid (9)
 E - a wand of mindburst (5)
Scrolls
 b - a scroll of poison
 e - 5 scrolls of teleportation
 f - 2 scrolls of enchant armour
 h - a scroll of fog
 o - 3 scrolls of magic mapping
 u - a scroll of fear
 v - a scroll of enchant weapon
 w - a scroll of immolation
 x - 3 scrolls of blinking
 B - a scroll of vulnerability
Potions
 d - 11 potions of curing
 g - 4 potions of heal wounds
 l - 2 potions of attraction
 p - 2 potions of ambrosia
 z - a potion of invisibility
 A - a potion of cancellation


   Skills:
 - Level 8.8 Fighting
 + Level 16.6 Axes
 - Level 9.1 Armour
 - Level 8.5 Dodging


You had 10 spell levels left.
You didn't know any spells.
Your spell library was empty.

Dungeon Overview and Level Annotations

Branches:
Dungeon (9/15)             Temple (0/1) D:4
   Lair: D:8-11         Orc: D:9-12

Altars:
Ashenzari
Elyvilon
Fedhas
Kikubaaqudgha
Nemelex Xobeh
Okawaru
Qazlal
Ru
Wu Jian
Zin
The Shining One

Shops:
D:1 :


Innate Abilities, Weirdness & Mutations

You have a pair of horns on your head.
You reflexively headbutt those who attack you in melee.
Your body sometimes deteriorates upon taking damage.
You are frail. (-10% HP)
You sometimes lose the ability to read scrolls when taking damage.


Message History

You barely miss the two-headed ogre.
The two-headed ogre is almost dead.
You slash the two-headed ogre!
You feel the power of Trog in you as your rage grows.
You kill the two-headed ogre!
Trog accepts your kill.
Things that are here:
a +0 giant club; a +0 giant club You feel a strong urge to attack something.
You start resting.
You feel your anger nearly subside.
You are no longer berserk.
You are exhausted.
You feel yourself slow down.
You start resting.
A two-headed ogre comes into view. It is wielding two +0 giant clubs.
A two-headed ogre is nearby!
A two-headed ogre is nearby!
Aiming: Mindburst
Press: ? - help, Shift-Dir - straight line, f - two-headed ogre
Aim: a two-headed ogre, wielding two +0 giant clubs (haloed, chance to affect: 47%)
The two-headed ogre resists with some effort.
Aiming: Mindburst
Press: ? - help, Shift-Dir - straight line, f/p - two-headed ogre
Aim: a two-headed ogre, wielding two +0 giant clubs (haloed, chance to affect: 47%)
Okay, then.
The two-headed ogre attacks as you move away!
The two-headed ogre hits you with a +0 giant club!!
The two-headed ogre hits you with a +0 giant club!
Things that are here:
a +0 giant club; a +0 giant club You fail to use your ability.
The two-headed ogre hits you with a +0 giant club!
* * * LOW HITPOINT WARNING * * *
The two-headed ogre barely misses you.
The two-headed ogre hits you with a +0 giant club!
* * * LOW HITPOINT WARNING * * *
The two-headed ogre misses you.
You fail to use your ability.
The two-headed ogre hits you with a +0 giant club!!
You die...

# ####### ## #.....#
.## #.._..# ..#
##...########## #.#
#............# #.#
#.[..........# #.#
####.........####
#.# #.........'..#
#.# #......@O.# #.#
###'####### #.#
#...# #.# ###.# #)#
#.# #.##
######'##### .).###
#..........# .....#
#..........# '.##
...#.####..........#
#...


You could see a two-headed ogre.

Vanquished Creatures
  A two-headed ogre (D:9)
  Maurice (D:8)
  A hornet (D:9)
  A troll (D:9)
  Sigmund (D:4)
  A wraith (D:9)
  A yak (D:9)
  A water moccasin (D:8)
  Duvessa (D:6)
  4 floating eyes (D:9)
  3 orc warriors
  3 black bears
  6 ice beasts
  An ogre (D:5)
  6 centaurs
  2 phantoms (D:5)
  7 bullfrogs
  3 gnoll sergeants
  A kobold brigand (D:9)
  A necrophage (D:5)
  4 scorpions
  12 wights
  Dowan (D:6)
  4 howler monkeys
  5 orc priests
  3 jellies
  Natasha (thrice) (D:2)
  4 iguanas
  6 orc wizards
  4 gnolls (D:5)
  5 adders
  4 white imps
  A worm (D:3)
  4 dart slugs
  36 orcs
  4 bats
  5 endoplasms
  2 giant cockroaches (D:1)
  7 goblins
  6 hobgoblins
  4 jackals (D:4)
  5 quokkas
  5 ball pythons
  A frilled lizard (D:1)
  13 kobolds
  7 rats
201 creatures vanquished.

Vanquished Creatures (others)
  A fungus (D:2)
  4 plants (D:2)
5 creatures vanquished.

Grand Total: 206 creatures vanquished

Notes
Turn   | Place    | Note
-------+----------+-------------------------------------------
     0 | D:1      | om the Minotaur Berserker began the quest for the Orb.
     0 | D:1      | Reached XP level 1. HP: 19/19 MP: 0/0
    57 | D:1      | Reached XP level 2. HP: 18/27 MP: 1/1
   825 | D:1      | Found Xutroso's Book Emporium.
   868 | D:1      | Reached skill level 4 in Axes
   868 | D:1      | Reached XP level 3. HP: 33/33 MP: 2/2
  1046 | D:1      | Reached ** piety under Trog
  1277 | D:2      | Noticed Natasha
  1554 | D:2      | Killed Natasha
  1555 | D:2      | Reached XP level 4. HP: 41/41 MP: 3/3
  1700 | D:2      | Gained mutation: Your magical capacity is low. (-10% MP)
                  | [potion of mutation]
  1700 | D:2      | Gained mutation: You sometimes lose the ability to read
                  | scrolls when taking damage. [potion of mutation]
  1700 | D:2      | Gained mutation: You are partially covered in iridescent
                  | scales. (AC +2) [potion of mutation]
  1701 | D:2      | Found a faded altar of an unknown god.
  2014 | D:2      | Noticed Natasha
  2021 | D:2      | Killed Natasha
  2022 | D:2      | Reached skill level 5 in Fighting
  2472 | D:2      | Noticed Natasha
  2478 | D:2      | Killed Natasha
  2479 | D:2      | Reached XP level 5. HP: 39/48 MP: 3/3
  2509 | D:3      | Noticed a black bear
  2516 | D:3      | Killed a black bear
  2639 | D:3      | Found a glowing golden altar of the Shining One.
  2814 | D:3      | Found a sparkling altar of Nemelex Xobeh.
  3386 | D:4      | Noticed a black bear
  3392 | D:4      | Killed a black bear
  3393 | D:4      | Reached skill level 5 in Axes
  3393 | D:4      | Reached XP level 6. HP: 53/57 MP: 4/4
  3628 | D:4      | Found a staircase to the Ecumenical Temple.
  3890 | D:4      | Noticed Sigmund
  3893 | D:4      | Killed Sigmund
  3894 | D:4      | Reached XP level 7. HP: 64/64 MP: 5/5
  4029 | D:4      | Reached skill level 5 in Armour
  4035 | D:4      | Found a stormy altar of Qazlal.
  4039 | D:4      | Found an iron altar of Okawaru.
  4039 | D:4      | Found an ancient bone altar of Kikubaaqudgha.
  4084 | D:4      | Reached *** piety under Trog
  4402 | D:5      | Entered Level 5 of the Dungeon
  4402 | D:5      | Found a glowing silver altar of Zin.
  4436 | D:5      | Found a blossoming altar of Fedhas.
  4449 | D:5      | Reached skill level 6 in Axes
  4486 | D:5      | Found a broken altar of Ashenzari.
  4508 | D:5      | Reached skill level 5 in Dodging
  4567 | D:5      | Reached skill level 7 in Axes
  4741 | D:5      | Reached XP level 8. HP: 70/73 MP: 6/6
  4770 | D:5      | Reached skill level 8 in Axes
  4856 | D:5      | Reached skill level 9 in Axes
  4932 | D:5      | Reached skill level 10 in Axes
  5344 | D:6      | Reached skill level 11 in Axes
  5564 | D:6      | Reached XP level 9. HP: 75/79 MP: 7/7
  5782 | D:6      | Noticed Dowan
  5783 | D:6      | Noticed Duvessa
  5796 | D:6      | Killed Duvessa
  5797 | D:6      | Reached skill level 12 in Axes
  5806 | D:6      | Killed Dowan
  6145 | D:7      | Reached **** piety under Trog
  6505 | D:7      | Reached skill level 13 in Axes
  6941 | D:8      | Reached skill level 14 in Axes
  6988 | D:8      | Lost mutation: You are partially covered in iridescent
                  | scales. (AC +2) [potion of mutation]
  6988 | D:8      | Lost mutation: Your magical capacity is low. (-10% MP)
                  | [potion of mutation]
  6988 | D:8      | Gained mutation: Your body sometimes deteriorates upon
                  | taking damage. [potion of mutation]
  6988 | D:8      | Gained mutation: You are frail. (-10% HP) [potion of
                  | mutation]
  7261 | D:8      | Noticed Maurice
  7273 | D:8      | Killed Maurice
  7274 | D:8      | Reached skill level 15 in Axes
  7274 | D:8      | Reached XP level 10. HP: 74/77 MP: 9/9
  7531 | D:9      | Reached XP level 11. HP: 85/85 MP: 10/10
  7539 | D:9      | Found a white marble altar of Elyvilon.
  7628 | D:9      | Paralysed by a hornet for 2 turns
  7765 | D:9      | Reached skill level 16 in Axes
  7942 | D:9      | Found an ornate altar of the Wu Jian Council.
  8100 | D:9      | Found a sacrificial altar of Ru.
  8117 | D:9      | Noticed a two-headed ogre
  8124 | D:9      | Killed a two-headed ogre
  8130 | D:9      | Noticed a two-headed ogre
  8135 | D:9      | Demolished by a two-headed ogre

Illustrated notes

Levels and vault maps discovered:
D:1:      matt_arrival_diagonals, layout_basic, serial_shops, shop,
          hangedman_feature_mirror, wander_ebering_terrifying_dragon_lair
D:2:      layout_basic, shapermc_ecumenical_altar_rom_forum,
          minmay_tetromino_o2, uniq_natasha
D:3:      layout_basic, mainiacjoe_overflow_chevrons, nemelex_altar_shiori
D:4:      layout_basic, minitemple, minmay_temple_entry_mini_moons, uniq_sigmund
D:5:      layout_loops_ring, kennysheep_mini_moat,
          mainiacjoe_overflow_cross_hatched, mainiacjoe_overflow_tiny_flanked
D:6:      layout_cave_pools, minmay_checkerbox, uniq_duvessa
D:7:      layout_loops_ring, minivault_19
D:8:      layout_rooms, uniq_maurice
D:9:      layout_roguey, mainiacjoe_overflow_boulevard,
          mainiacjoe_overflow_alcove_1, pdpol_wu_jian_five_deadly_venoms,
          onia_ninara_cookie

Skill      XL: |  1  2  3  4  5  6  7  8  9 10 11 |
---------------+----------------------------------+-----
Fighting       | 4 5 6 7 8 |  8.8
Axes           | 4 5 7 11 15 16 | 16.6
Armour         | 3 4 5 9 |  9.1
Dodging        | 3 4 5 8 |  8.5

Action                   |  1- 3 |  4- 6 |  7- 9 | 10-12 || total
-------------------------+-------+-------+-------+-------++-------
Melee: Hand axe          |    58 |    87 |   278 |    81 ||   504
       Headbutt          |    11 |    18 |    55 |    12 ||    96
       Punch             |       |       |     3 |       ||     3
Invok: Berserk           |     2 |     2 |     5 |     3 ||    12
       Brothers in Arms  |       |       |     1 |       ||     1
Evoke: Wand              |       |       |       |     1 ||     1
  Use: Scroll            |     6 |     2 |     9 |     3 ||    20
       Potion            |       |     2 |     1 |     1 ||     4
 Stab: Distracted        |       |       |       |     1 ||     1
Armor: Animal skin       |    19 |    19 |       |       ||    38
       Ring mail         |       |    15 |    93 |    20 ||   128
Dodge: Dodged            |    45 |    54 |   151 |    37 ||   287

Table legend: (Time is in decaauts)
 A = Elapsed time spent in this place.
 B = Non-inter-level travel time spent in this place.
 C = Inter-level travel time spent in this place.
 D = Time resting spent in this place.
 E = Time spent auto-exploring this place.
 F = Levels seen in this place.
 G = Mean time per level.
                   A        B        C        D        E       F      G
               +--------+--------+--------+--------+--------+-----+--------+
         Total |   8172 |   7911 |    261 |   1206 |   5352 |   9 |  908.0 |
       Dungeon |   8172 |   7911 |    261 |   1206 |   5352 |   9 |  908.0 |
               +--------+--------+--------+--------+--------+-----+--------+

Top non-repeatable levels by time:
     D:1: 1520 daAuts
     D:4: 1053 daAuts
     D:2: 1015 daAuts
     D:5: 896 daAuts
     D:3: 870 daAuts
     D:6: 849 daAuts
     D:7: 731 daAuts
     D:9: 657 daAuts
     D:8: 578 daAuts
